[Event "Titled Tuesday Blitz June 15 2021"]
[White "Ulziikhishigjargal, Ochirkhuyag"]
[Black "Janaszak, Dawid"]
[WhiteFideId "4903188"]
[BlackFideId "1119206"]
[WhiteElo "1836"]
[BlackElo "2332"]
[Result "0-1"]
[Round "06"]
[TimeControl "180+1"]
[Date "2021.06.15"]
[WhiteClock "0:00:11"]
[BlackClock "0:00:19"]

1. d4 d5 2. Nf3 Nf6 3. Bg5 Ne4 4. Bf4 g6 5. Nbd2 Bg7 6. c3 Nd7 7. h4 h6 8. Nxe4 dxe4 9. Nd2 Nf6 10. Be5 e3 11. fxe3 O-O 12. Bxf6 exf6 13. h5 g5 14. Qc2 f5 15. e4 fxe4 16. Qxe4 Re8 17. Qf3 g4 18. Qf4 Qe7 19. e4 c5 20. e5 cxd4 21. cxd4 Qb4 22. O-O-O Bxe5 23. Qxh6 Qxd4 24. Qg5+ Kf8 25. Re1 Qxb2+ 26. Kd1 Qa1+ 27. Kc2 Qb2+ 28. Kd1 Qa1+ 29. Kc2 Qxa2+ 30. Kd1 Qa1+ 31. Kc2 Qxe1 32. Bb5 Qxh1 33. Bxe8 Be6 34. Bd7 Qa1 35. Bxe6 fxe6 36. Qh6+ Bg7 37. Qf4+ Qf6 38. Qc7 Rd8 39. Ne4 Qb2# 0-1


[Site "https://www.chess.com"]

[Event "Titled Tuesday Blitz June 15 2021"]
[White "Urazayev, Arystanbek"]
[Black "Alavkin, Arseny"]
[WhiteFideId "13709810"]
[BlackFideId "4120612"]
[WhiteElo "2321"]
[BlackElo "2401"]
[Result "0-1"]
[Round "06"]
[TimeControl "180+1"]
[Date "2021.06.15"]
[WhiteClock "0:00:03"]
[BlackClock "0:01:41"]

1. c4 Nf6 2. Nc3 e5 3. Nf3 Nc6 4. Qc2 g6 5. g3 Bg7 6. Bg2 O-O 7. O-O d6 8. a3 a5 9. Rb1 h6 10. d3 Be6 11. b4 axb4 12. axb4 Nd7 13. b5 Ne7 14. Nd2 c6 15. bxc6 bxc6 16. Nde4 Qc7 17. Bb2 f5 18. Nd2 Rfb8 19. Ra1 d5 20. Rxa8 Rxa8 21. Ra1 Rxa1+ 22. Bxa1 d4 23. Na4 c5 24. Bb2 Nc6 25. Ba3 Nb4 26. Qb3 Bf8 27. Bd5 Nxd5 28. cxd5 Bf7 29. e4 dxe3 30. fxe3 Qa7 31. Qc4 Nb6 32. Nxb6 Qxa3 33. e4 Qa1+ 34. Nf1 Qd4+ 35. Qxd4 cxd4 36. Nd2 fxe4 37. Nxe4 Kg7 38. d6 Be6 39. d7 Be7 40. Nc5 Kf7 41. Nb7 Bf5 42. Nd5 Bxd7 43. Nxe7 Kxe7 44. Nc5 Kd6 45. Ne4+ Kd5 46. Nf2 Bf5 47. g4 Bd7 48. h3 h5 49. Kg2 hxg4 50. hxg4 Kc5 51. Kf3 Bc6+ 52. Ke2 Kb4 53. Kd2 Kb3 54. g5 Bf3 55. Nh3 Kb4 56. Nf2 Kc5 57. Nh3 Kd5 58. Nf2 Ke6 59. Nh3 Kf5 60. Ke1 Kg4 61. Ng1 Bc6 62. Ne2 Kxg5 63. Kf2 Bb5 64. Nc1 Kf4 0-1


[Site "https://www.chess.com"]

[Event "Titled Tuesday Blitz June 15 2021"]
[White "Valdes Romero, Leonardo"]
[Black "Badelka, Olga"]
[WhiteFideId "6500331"]
[BlackFideId "13509926"]
[WhiteElo "2497"]
[BlackElo "2181"]
[Result "0-1"]
[Round "06"]
[TimeControl "180+1"]
[Date "2021.06.15"]
[WhiteClock "0:00:02"]
[BlackClock "0:00:02"]

1. Nf3 d5 2. g3 Nf6 3. Bg2 e6 4. O-O Be7 5. d3 c5 6. Nbd2 Nc6 7. e4 b6 8. Re1 Bb7 9. h4 Qc7 10. a3 h6 11. Qe2 O-O 12. e5 Nd7 13. Nf1 Rfc8 14. c3 b5 15. Bf4 a5 16. Ne3 Qd8 17. Ng4 b4 18. Qd2 Bf8 19. h5 bxc3 20. bxc3 a4 21. Qc2 Ba6 22. Bf1 c4 23. d4 Na5 24. Ne3 Rab8 25. g4 Rb3 26. g5 Qe8 27. Ng4 f5 28. exf6 Qxh5 29. Ngh2 gxf6 30. Rxe6 hxg5 31. Rxa6 gxf4 32. Rxa5 Kf7 33. Bxc4 Bb4 34. Bxd5+ Kf8 35. axb4 Rbxc3 36. Qe2 Rc1+ 37. Rxc1 Rxc1+ 0-1


[Site "https://www.chess.com"]

[Event "Titled Tuesday Blitz June 15 2021"]
[White "Vallejo Diaz, Javier"]
[Black "Grineva, Marianna"]
[WhiteFideId "2256398"]
[BlackFideId "14102013"]
[WhiteElo "2687"]
[BlackElo "1925"]
[Result "1-0"]
[Round "06"]
[TimeControl "180+1"]
[Date "2021.06.15"]
[WhiteClock "0:00:35"]
[BlackClock "0:00:10"]

1. e4 c5 2. Nf3 d6 3. Bb5+ Bd7 4. Bxd7+ Qxd7 5. O-O Nc6 6. c3 Nf6 7. Qe2 e5 8. Rd1 Be7 9. d4 cxd4 10. cxd4 Qg4 11. d5 Nb8 12. Nc3 Nbd7 13. h3 Qh5 14. Qb5 O-O 15. Qxb7 Rfb8 16. Qa6 Nc5 17. Qe2 Rb4 18. a3 Rb7 19. b4 Nb3 20. Rb1 Nxc1 21. Rdxc1 Rc8 22. Nb5 Rxc1+ 23. Rxc1 h6 24. Rc8+ Kh7 25. Nc3 Nd7 26. Qa6 Rb8 27. Rxb8 Nxb8 28. Qxa7 Bg5 29. Qxb8 Bc1 30. a4 f5 31. Qxd6 fxe4 32. Nxe4 Qe8 33. b5 Qa8 34. Qxe5 Qxa4 35. d6 Ba3 36. Qf5+ Kg8 37. Qe6+ Kh7 38. d7 Qd1+ 39. Kh2 Qd3 40. Qf7 Bd6+ 41. Nxd6 Qxd6+ 42. g3 Qd3 43. Kg2 Qd5 44. Qxd5 1-0


[Site "https://www.chess.com"]

[Event "Titled Tuesday Blitz June 15 2021"]
[White "Villegas, Pierre"]
[Black "Triapishko, Alexandr"]
[WhiteFideId "654183"]
[BlackFideId "14122286"]
[WhiteElo "2411"]
[BlackElo "2490"]
[Result "1-0"]
[Round "06"]
[TimeControl "180+1"]
[Date "2021.06.15"]
[WhiteClock "0:00:21"]
[BlackClock "0:00:01"]

1. d4 Nf6 2. c4 d6 3. Nc3 Nbd7 4. e4 e5 5. Nge2 Be7 6. f3 O-O 7. Be3 c6 8. d5 Nh5 9. Qd2 h6 10. O-O-O c5 11. g4 Nf4 12. Nxf4 exf4 13. Bxf4 Ne5 14. Be2 b5 15. cxb5 a6 16. b6 Qxb6 17. g5 hxg5 18. Bxg5 Bxg5 19. Qxg5 Rb8 20. Rd2 f6 21. Qg3 c4 22. f4 Nd3+ 23. Bxd3 cxd3 24. Qxd3 Bd7 25. Qd4 Qa5 26. Rg1 Rb4 27. Qa7 Rxb2 28. Rxb2 Qxc3+ 29. Kb1 Rf7 30. Qb8+ Rf8 31. Qb3 Qd4 32. Re1 Bb5 33. Qe3 Qa4 34. Ka1 Rc8 35. Rc1 Bc4 36. Qd4 Rc5 37. Rbc2 Bb3 38. Qxa4 Bxa4 39. Rxc5 1-0


[Site "https://www.chess.com"]

[Event "Titled Tuesday Blitz June 15 2021"]
[White "Vokhidov, Shamsiddin"]
[Black "Khumalo, Keith"]
[WhiteFideId "14204223"]
[BlackFideId "14319470"]
[WhiteElo "2572"]
[BlackElo "1992"]
[Result "1-0"]
[Round "06"]
[TimeControl "180+1"]
[Date "2021.06.15"]
[WhiteClock "0:01:29"]
[BlackClock "0:01:48"]

1. e4 c5 2. Nf3 d6 3. d4 cxd4 4. Qxd4 Bd7 5. Qe3 e6 6. c4 Bc6 7. Nc3 Nd7 8. Be2 Ngf6 9. Nd4 Be7 10. O-O O-O 11. Rd1 Qa5 12. a3 Qc7 13. b4 b6 14. Bb2 Rac8 15. Rac1 Bb7 16. f4 Rfe8 17. g4 e5 18. Nf5 exf4 19. Qxf4 Bf8 20. Nb5 Qb8 21. Bf3 Bxe4 22. Nfxd6 Bxf3 23. Qxf3 Bxd6 24. Nxd6 Ne5 25. Bxe5 Rxe5 26. Nxc8 Qxc8 27. Rd4 h6 28. Rcd1 Qe6 29. h3 Re3 30. Rd8+ Kh7 31. Qf5+ Qxf5 32. gxf5 Rxa3 33. Rc1 Ne4 34. c5 bxc5 35. bxc5 Ng3 36. Rc2 Ra1+ 37. Kf2 Ne4+ 38. Ke3 Re1+ 39. Kf3 Ng5+ 40. Kf2 Re7 41. c6 Rc7 42. Rd7 Rc8 43. c7 Nxh3+ 44. Kg3 Ng5 45. Rd8 Ne4+ 46. Kf4 Rxc7 47. Rxc7 Nf6 48. Rcc8 g5+ 49. fxg6+ Kxg6 50. Rc6 1-0


[Site "https://www.chess.com"]

[Event "Titled Tuesday Blitz June 15 2021"]
[White "Weetik, Vjacheslav"]
[Black "Jacobson, Brandon"]
[WhiteFideId "4153472"]
[BlackFideId "30901561"]
[WhiteElo "2469"]
[BlackElo "2362"]
[Result "0-1"]
[Round "06"]
[TimeControl "180+1"]
[Date "2021.06.15"]
[WhiteClock "0:00:34"]
[BlackClock "0:01:51"]

1. d4 Nf6 2. Bf4 b6 3. Nf3 Bb7 4. e3 g6 5. h3 Bg7 6. Be2 O-O 7. O-O d6 8. c4 Ne4 9. Bh2 Nd7 10. Nfd2 Nxd2 11. Qxd2 e5 12. Nc3 Qg5 13. d5 a5 14. f4 exf4 15. exf4 Qd8 16. f5 Bc8 17. Kh1 Nc5 18. fxg6 hxg6 19. Rae1 Bd7 20. Bg1 Qh4 21. Bf2 Qh8 22. Rd1 Bxh3 23. gxh3 Qxh3+ 24. Kg1 Be5 0-1


[Site "https://www.chess.com"]

[Event "Titled Tuesday Blitz June 15 2021"]
[White "Willow, Jonah B"]
[Black "Chigaev, Maksim"]
[WhiteFideId "438804"]
[BlackFideId "4108116"]
[WhiteElo "2261"]
[BlackElo "2646"]
[Result "0-1"]
[Round "06"]
[TimeControl "180+1"]
[Date "2021.06.15"]
[WhiteClock "0:00:03"]
[BlackClock "0:00:59"]

1. e4 c5 2. Nf3 e6 3. d4 cxd4 4. Nxd4 Nc6 5. Nc3 Qc7 6. f4 Nxd4 7. Qxd4 a6 8. Be3 b5 9. O-O-O Bb7 10. Bd3 Rc8 11. Kb1 h5 12. Rhe1 Ne7 13. Bxb5 Nc6 14. Bxc6 Qxc6 15. Ka1 h4 16. f5 f6 17. fxe6 dxe6 18. e5 f5 19. Bg5 Bc5 20. Qd2 Bb4 21. Re3 Kf7 22. Qd7+ Kg6 23. Bf4 Qxd7 24. Rxd7 Bxg2 25. Red3 Bc6 26. Ra7 Ra8 27. Rc7 Rhc8 28. Rxc8 Rxc8 29. a3 Be7 30. Rd1 Kh5 31. Rg1 g5 32. Bc1 Bf3 33. h3 g4 34. hxg4+ fxg4 35. Bf4 Bg5 36. Bxg5 Kxg5 37. Kb1 h3 0-1


[Site "https://www.chess.com"]

[Event "Titled Tuesday Blitz June 15 2021"]
[White "Xiong, Jeffery"]
[Black "Gledura, Benjamin"]
[WhiteFideId "2047640"]
[BlackFideId "712779"]
[WhiteElo "2724"]
[BlackElo "2377"]
[Result "1-0"]
[Round "06"]
[TimeControl "180+1"]
[Date "2021.06.15"]
[WhiteClock "0:01:55"]
[BlackClock "0:01:16"]

1. c4 c6 2. Nf3 d5 3. b3 Bg4 4. Bb2 Nd7 5. g3 Bxf3 6. exf3 e6 7. Bg2 Ngf6 8. O-O Be7 9. f4 O-O 10. d3 a5 11. Nd2 a4 12. Nf3 Qb6 13. Rb1 axb3 14. axb3 Ra2 15. Re1 Bc5 16. Re2 Rfa8 17. Bh3 Ba3 18. Bxf6 Rxe2 19. Bd4 c5 20. Qxe2 cxd4 21. cxd5 Nc5 22. dxe6 Nxe6 23. Bxe6 fxe6 24. Ng5 h6 25. Nxe6 Bb4 26. Qg4 1-0


[Site "https://www.chess.com"]

[Event "Titled Tuesday Blitz June 15 2021"]
[White "Yaran, Siar"]
[Black "Koridze, Lile"]
[WhiteFideId "6323006"]
[BlackFideId "13612514"]
[WhiteElo "1977"]
[BlackElo "1978"]
[Result "1/2-1/2"]
[Round "06"]
[TimeControl "180+1"]
[Date "2021.06.15"]
[WhiteClock "0:00:07"]
[BlackClock "0:00:04"]

1. d4 Nf6 2. c4 e6 3. Nc3 Bb4 4. e3 O-O 5. Bd3 d5 6. a3 Bxc3+ 7. bxc3 c6 8. Nf3 b6 9. O-O Bb7 10. a4 Nbd7 11. Ba3 Re8 12. Rb1 Qc7 13. Qb3 c5 14. Rfc1 dxc4 15. Bxc4 Ng4 16. Be2 Be4 17. Ra1 Rac8 18. h3 Ngf6 19. c4 cxd4 20. exd4 Nh5 21. Qe3 Qb7 22. Ng5 Bg6 23. Bf3 Qc7 24. Ne4 Bxe4 25. Qxe4 Nhf6 26. Qh4 h6 27. Rc3 Nf8 28. Rac1 Ng6 29. Qg3 Nf4 30. R1c2 Red8 31. d5 Qb8 32. Bc1 Ng6 33. Qxb8 Rxb8 34. dxe6 fxe6 35. Be3 Ne5 36. Be2 Rbc8 37. f4 Nc6 38. Bf3 Nd4 39. Bxd4 Rxd4 40. c5 bxc5 41. Rxc5 Rxc5 42. Rxc5 Rxa4 43. g3 Kf7 44. Rc7+ Kf8 45. Kf2 Ra3 46. g4 a5 47. h4 a4 48. Ra7 Ra1 49. g5 hxg5 50. fxg5 Nd5 51. h5 Ra2+ 52. Kg3 Ne3 53. h6 gxh6 54. gxh6 Nf5+ 55. Kf4 Nxh6 56. Kg5 Nf5 57. Kf6 Kg8 58. Kxe6 Nd4+ 59. Kf6 Nxf3 60. Ra8+ Kh7 61. Ra7+ Kh6 62. Kf5 a3 63. Ra6+ Kg7 64. Ra7+ Kf8 65. Kf6 Ke8 66. Ke6 Nd4+ 67. Kd5 Nb5 68. Ra5 Nc3+ 69. Kc4 Nb1 70. Rb5 Rc2+ 71. Kd3 a2 72. Ra5 Rh2 73. Kc4 Nd2+ 74. Kb4 Ne4 75. Kb3 Nd2+ 76. Kb4 Nb1 77. Kb3 Kd7 78. Rxa2 Rxa2 79. Kxa2 1/2-1/2


[Site "https://www.chess.com"]

[Event "Titled Tuesday Blitz June 15 2021"]
[White "Yoo, Christopher Woojin"]
[Black "Yanchenko, Roman"]
[WhiteFideId "30909694"]
[BlackFideId "4137329"]
[WhiteElo "2009"]
[BlackElo "2514"]
[Result "1-0"]
[Round "06"]
[TimeControl "180+1"]
[Date "2021.06.15"]
[WhiteClock "0:00:04"]
[BlackClock "0:00:06"]

1. e4 e6 2. b3 d5 3. Bb2 c5 4. exd5 exd5 5. Nf3 Nc6 6. Bb5 Nf6 7. O-O Be7 8. Bxc6+ bxc6 9. d3 Bg4 10. Nbd2 O-O 11. h3 Bh5 12. Re1 Bd6 13. g4 Nxg4 14. hxg4 Bxg4 15. Qe2 Qc7 16. Qf1 Bf4 17. Qg2 h5 18. Be5 Bxe5 19. Nxe5 f5 20. f3 Rae8 21. Ng6 Rxe1+ 22. Rxe1 Rf6 23. Ne7+ Kf7 24. fxg4 fxg4 25. Nxd5 cxd5 26. Qxd5+ Kg6 27. Re5 Qf7 28. Rg5+ Kh6 29. Qxf7 Rxf7 30. Rxc5 h4 31. Ne4 Rf3 32. Rg5 Rf4 33. Ra5 Rf3 34. Ra6+ g6 35. Rxa7 Re3 36. Rf7 g3 37. Rf4 g5 38. Rg4 Re2 39. Nxg5 Re1+ 40. Kg2 Re2+ 41. Kf3 Rf2+ 42. Ke3 Kh5 43. Ne4 Rxc2 44. Nf6+ Kh6 45. Rxh4+ Kg5 46. Rf4 g2 47. Ne4+ Kh5 48. Rf5+ Kh4 49. Rg5 Rxa2 50. Kf3 Rd2 51. Nxd2 Kxg5 52. Kxg2 Kf4 53. Kf2 1-0


[Site "https://www.chess.com"]

[Event "Titled Tuesday Blitz June 15 2021"]
[White "Zemach, Roee"]
[Black "Kretov, Evgenij"]
[WhiteFideId "2818531"]
[BlackFideId "4167821"]
[WhiteElo "2131"]
[BlackElo "2400"]
[Result "1-0"]
[Round "06"]
[TimeControl "180+1"]
[Date "2021.06.15"]
[WhiteClock "0:00:10"]
[BlackClock "0:01:00"]

1. d4 Nf6 2. c4 c5 3. d5 e5 4. Nc3 d6 5. e4 Nbd7 6. g3 Be7 7. Bg2 O-O 8. Nf3 Ne8 9. O-O g6 10. Ne1 Ng7 11. Nd3 Re8 12. f4 exf4 13. Bxf4 g5 14. Be3 Bf6 15. Qd2 Ne5 16. Nxe5 Rxe5 17. Rf2 Ne8 18. Raf1 Kg7 19. Ne2 h6 20. Nc1 Bg4 21. Nd3 Re7 22. Rxf6 Nxf6 23. Bxg5 hxg5 24. Qxg5+ Kf8 25. Rxf6 Rd7 26. Nf4 Qa5 27. Qxg4 Qe1+ 28. Bf1 Ke7 29. Rxf7+ Kxf7 30. Qxd7+ Kg8 31. Qe6+ Kg7 32. Qe7+ Kg8 33. h4 Qxg3+ 34. Ng2 Rf8 35. Qg5+ Qxg5 36. hxg5 Kg7 37. Ne3 Kg6 38. Nf5 Rd8 39. Kf2 Kxg5 40. Ke3 a6 41. a4 b6 42. Be2 Rd7 43. b3 Rd8 44. Bf3 Rd7 45. Bg2 Kg4 46. Bf3+ Kg5 47. Be2 Rd8 48. Ng3 Rh8 49. Nh5 Rh7 50. e5 dxe5 51. Ke4 Re7 52. d6 Re8 53. Ng7 Rg8 54. Ne6+ Kf6 55. Kd5 e4 56. d7 e3 57. d8=Q+ 1-0


[Site "https://www.chess.com"]

[Event "Titled Tuesday Blitz June 15 2021"]
[White "Zubov, Alexander"]
[Black "Svane, Frederik"]
[WhiteFideId "14109409"]
[BlackFideId "12923044"]
[WhiteElo "2740"]
[BlackElo "2459"]
[Result "1-0"]
[Round "06"]
[TimeControl "180+1"]
[Date "2021.06.15"]
[WhiteClock "0:00:19"]
[BlackClock "0:00:03"]

1. e4 c5 2. Nf3 Nc6 3. Bb5 g6 4. O-O Bg7 5. c3 Nf6 6. Re1 O-O 7. h3 a6 8. Bf1 e5 9. d3 d5 10. Bg5 h6 11. Bh4 Re8 12. Nbd2 d4 13. a4 Be6 14. a5 g5 15. Bg3 Nd7 16. Qa4 Qc7 17. Be2 Rec8 18. Bd1 b5 19. axb6 Nxb6 20. Qa3 dxc3 21. bxc3 Qd8 22. Bb3 Bxb3 23. Qxb3 a5 24. Reb1 Rab8 25. Qc2 c4 26. Nxc4 Nxc4 27. dxc4 Rxb1+ 28. Rxb1 Ra8 29. Qa4 Qc7 30. Nd4 Rc8 31. Nf5 f6 32. f3 Bf8 33. Bf2 Ne7 34. Ne3 Ng6 35. Nd5 Qxc4 36. Qxa5 Nf4 37. Nxf6+ Kf7 38. Qxe5 Qxc3 39. Rb7+ Kg6 40. Qf5# 1-0


[Site "https://www.chess.com"]

[Event "Titled Tuesday Blitz June 15 2021"]
[White "deribas12345"]
[Black "Libiszewski, Fabien"]
[BlackFideId "616834"]
[WhiteElo "2529"]
[BlackElo "2440"]
[Result "1-0"]
[Round "06"]
[TimeControl "180+1"]
[Date "2021.06.15"]
[WhiteClock "0:00:04"]
[BlackClock "0:00:01"]

1. d4 Nf6 2. c4 g6 3. Nc3 Bg7 4. e4 d6 5. Nge2 Nbd7 6. Ng3 e5 7. d5 h5 8. Be2 h4 9. Nf1 Nc5 10. f3 a5 11. Bg5 Bd7 12. Qd2 a4 13. Ne3 Bh6 14. Bxh6 Rxh6 15. O-O Kf8 16. Rab1 Kg7 17. b4 axb3 18. axb3 Nh5 19. b4 Na4 20. Nxa4 Rxa4 21. Bd1 Ra3 22. Nc2 Ra2 23. Ra1 Qa8 24. Rxa2 Qxa2 25. Qc3 Nf4 26. Ne3 Rh8 27. c5 Bb5 28. Rf2 Qb1 29. Qb2 Qd3 30. Qd2 Qxd2 31. Rxd2 Ra8 32. g3 hxg3 33. hxg3 Nh5 34. Kf2 Ra3 35. Rb2 Nxg3 36. cxd6 cxd6 37. Nc2 Rd3 38. Kxg3 Rxd1 39. Na3 Bd3 40. Rb3 b5 41. Rc3 Kf6 42. Kf2 Kg5 43. Ke3 Bf1 44. Nc2 Bc4 45. Na3 Bf1 46. Nc2 f5 47. Kf2 Bc4 48. Ne3 Rd3 49. Rxd3 Bxd3 50. exf5 gxf5 51. Nd1 Bc4 52. Nc3 Kf4 53. Nd1 Bxd5 54. Ne3 Be6 55. Ng2+ Kg5 56. Ne3 Kf6 57. Nc2 d5 58. f4 d4 59. Ne1 1-0


[Site "https://www.chess.com"]

[Event "Titled Tuesday Blitz June 15 2021"]
[White "Abdusattorov, Nodirbek"]
[Black "Najdin, Danil"]
[WhiteFideId "14204118"]
[BlackFideId "4172426"]
[WhiteElo "2662"]
[BlackElo "2193"]
[Result "1-0"]
[Round "07"]
[TimeControl "180+1"]
[Date "2021.06.15"]
[WhiteClock "0:00:37"]
[BlackClock "0:00:01"]

1. d4 Nf6 2. c4 g6 3. Nc3 Bg7 4. e4 d6 5. Be2 O-O 6. Bg5 Na6 7. Qd2 e5 8. d5 Nc5 9. f3 a5 10. h4 c6 11. h5 cxd5 12. cxd5 a4 13. Nh3 Qa5 14. h6 Bh8 15. Nf2 Bd7 16. O-O b5 17. Rfc1 Rfc8 18. Ncd1 b4 19. Ne3 Qb6 20. Nc4 Qb8 21. Be3 Ne8 22. Nd3 Nxd3 23. Bxd3 Bf6 24. Nb6 Rxc1+ 25. Rxc1 Ra7 26. Qxb4 Rb7 27. Ba6 Bg5 28. Bxg5 Rxb6 29. Qa5 Qa7 30. Kh2 Rxa6 31. Qd8 f6 32. Bxf6 Qe3 33. Bg5 Ra8 34. Qxe8+ Bxe8 35. Bxe3 Rb8 36. Rc7 Rxb2 37. Rg7+ Kh8 38. Bg5 Rb8 39. Bf6 1-0


[Site "https://www.chess.com"]

[Event "Titled Tuesday Blitz June 15 2021"]
[White "Alavkin, Arseny"]
[Black "Lazavik, Denis"]
[WhiteFideId "4120612"]
[BlackFideId "13515110"]
[WhiteElo "2401"]
[BlackElo "2436"]
[Result "0-1"]
[Round "07"]
[TimeControl "180+1"]
[Date "2021.06.15"]
[WhiteClock "0:01:50"]
[BlackClock "0:00:54"]

1. e4 e5 2. Bc4 Nf6 3. d3 Bc5 4. Nc3 d6 5. Nf3 h6 6. h3 Nc6 7. Be3 Bb6 8. Qd2 Be6 9. Bb3 Qd7 10. d4 exd4 11. Nxd4 Bxb3 12. Nxb3 O-O 13. O-O-O Rfe8 14. f3 Ne5 15. Bd4 Bxd4 16. Qxd4 a5 17. Kb1 a4 18. Nc1 b5 19. Rhf1 b4 20. Nd5 Nxd5 21. Qxd5 b3 22. cxb3 axb3 23. a3 Qa4 24. Rd4 Qa6 25. Rfd1 Reb8 26. f4 Rb5 27. fxe5 Rxd5 28. Rxd5 Qc4 29. R5d2 Qxe4+ 30. Ka1 Qxe5 31. Nxb3 Rxa3+ 0-1


[Site "https://www.chess.com"]

[Event "Titled Tuesday Blitz June 15 2021"]
[White "Aldokhin, Ivan"]
[Black "Aitbayev, Aslan"]
[WhiteFideId "24115720"]
[BlackFideId "13704613"]
[WhiteElo "2306"]
[BlackElo "2417"]
[Result "0-1"]
[Round "07"]
[TimeControl "180+1"]
[Date "2021.06.15"]
[WhiteClock "0:00:02"]
[BlackClock "0:00:26"]

1. e4 d6 2. Nf3 Nf6 3. Nc3 g6 4. d4 Bg7 5. h3 O-O 6. Bg5 h6 7. Be3 Nc6 8. Qd2 Kh7 9. g4 e5 10. d5 Ne7 11. g5 hxg5 12. Nxg5+ Kg8 13. Be2 c6 14. dxc6 bxc6 15. O-O-O d5 16. f4 exf4 17. Bxf4 Qa5 18. e5 Nh5 19. Bxh5 gxh5 20. Rhg1 Ng6 21. Bh2 Rb8 22. Qe2 Qb4 23. Qxh5 Qh4 24. Qxh4 Nxh4 25. e6 Bxe6 26. Bxb8 Rxb8 27. Nxe6 fxe6 28. Rg4 Nf5 29. Rf1 Kf7 30. Ne2 Bxb2+ 31. Kd2 Be5 32. h4 Rh8 33. c4 Bf6 34. cxd5 cxd5 35. Ra4 Rxh4 36. Rxa7+ Kg6 37. Nf4+ Rxf4 38. Rxf4 Bg5 39. Kd3 Bxf4 40. a4 e5 41. a5 e4+ 42. Ke2 d4 43. a6 d3+ 44. Ke1 e3 45. Rd7 Bg3+ 46. Kf1 e2+ 47. Kg2 e1=Q 48. Rd6+ Bxd6 0-1


[Site "https://www.chess.com"]

[Event "Titled Tuesday Blitz June 15 2021"]
[White "Andreikin, Dmitry"]
[Black "Bluebaum, Matthias"]
[WhiteFideId "4158814"]
[BlackFideId "24651516"]
[WhiteElo "2782"]
[BlackElo "2685"]
[Result "1-0"]
[Round "07"]
[TimeControl "180+1"]
[Date "2021.06.15"]
[WhiteClock "0:01:07"]
[BlackClock "0:00:08"]

1. d4 Nf6 2. Bg5 d5 3. Nd2 e6 4. e3 c5 5. c3 Nc6 6. f4 Be7 7. Bd3 h6 8. Bh4 cxd4 9. exd4 g5 10. fxg5 Nd7 11. Qh5 Bxg5 12. Bxg5 Qxg5 13. Qe2 Nb6 14. Ngf3 Qg7 15. O-O Bd7 16. a4 Nc8 17. b4 Nd6 18. b5 Ne7 19. Ne5 O-O-O 20. c4 Ndf5 21. cxd5 Nxd5 22. Bxf5 exf5 23. Qc4+ Kb8 24. Qxd5 Be6 25. Qc5 Rd5 26. Qb4 Rg8 27. Rf2 Rgd8 28. Ndf3 f4 29. Rc1 Ka8 30. Rc7 Qg8 31. Rfc2 f6 32. Nc4 Bf5 33. Rc1 Be4 34. Ncd2 Rxd4 35. Qxd4 1-0


[Site "https://www.chess.com"]

[Event "Titled Tuesday Blitz June 15 2021"]
[White "Andrews, Todd"]
[Black "Javakhadze, Zurab"]
[WhiteFideId "2012456"]
[BlackFideId "13603647"]
[WhiteElo "2437"]
[BlackElo "2381"]
[Result "0-1"]
[Round "07"]
[TimeControl "180+1"]
[Date "2021.06.15"]
[WhiteClock "0:00:19"]
[BlackClock "0:00:44"]

1. e4 c6 2. d4 g6 3. Nc3 d5 4. e5 f6 5. f4 Nh6 6. Nf3 Bg7 7. Bd3 Bg4 8. O-O Qb6 9. Be3 Nd7 10. Na4 Qa5 11. c3 O-O 12. b4 Qc7 13. h3 Bxf3 14. Rxf3 b6 15. Qe1 fxe5 16. dxe5 Nf5 17. Bd2 e6 18. g4 Ne7 19. Qh4 Nxe5 20. Re3 Rxf4 21. Be2 Raf8 22. Nb2 Nf3+ 23. Bxf3 Rxf3 24. Rxf3 Rxf3 25. Kg2 Rf7 26. Re1 e5 27. Nd3 e4 28. Nf4 Bxc3 29. Bxc3 Qxf4 30. Qg3 Qxg3+ 31. Kxg3 Rf3+ 32. Kg2 Rxc3 33. Rf1 0-1


[Site "https://www.chess.com"]

[Event "Titled Tuesday Blitz June 15 2021"]
[White "Aradhya, Garg"]
[Black "Sirosh, Ilja"]
[WhiteFideId "25006746"]
[BlackFideId "4500458"]
[WhiteElo "2146"]
[BlackElo "2241"]
[Result "1/2-1/2"]
[Round "07"]
[TimeControl "180+1"]
[Date "2021.06.15"]
[WhiteClock "0:00:13"]
[BlackClock "0:00:05"]

1. d4 d5 2. c4 e6 3. Nc3 c5 4. cxd5 exd5 5. Nf3 Nc6 6. dxc5 d4 7. Na4 Bxc5 8. Nxc5 Qa5+ 9. Qd2 Qxc5 10. e3 dxe3 11. Qxe3+ Qxe3+ 12. Bxe3 Nge7 13. Bc4 O-O 14. O-O-O Bg4 15. Kb1 h6 16. h3 Bxf3 17. gxf3 Rfd8 18. Rhg1 Kf8 19. f4 b6 20. Be2 Rxd1+ 21. Rxd1 Rd8 22. Rxd8+ Nxd8 23. Kc2 Nec6 24. Kc3 Ke7 25. Bc4 Kd6 26. b4 f6 27. a4 Ne6 28. h4 Nc7 29. b5 Ne7 30. Bd2 Ned5+ 31. Kd3 Ne6 32. Ke4 Nc5+ 33. Kf5 Ne7+ 34. Kg4 Nxa4 35. Bb4+ Nc5 36. h5 f5+ 37. Kf3 Nd5 38. Ba3 Nf6 39. Bd3 Ke6 40. Bc4+ Kd6 41. Bd3 Nxh5 42. Bxf5 Nf6 43. Bg6 Kd5 44. Bf7+ Kd4 45. Bb2+ Kd3 46. Bxf6 gxf6 47. Kg4 a5 48. bxa6 Nxa6 49. Kf5 b5 50. Kxf6 Nc5 51. Kg6 Ne4 52. f5 Nxf2 53. Kxh6 Ke4 54. Kg6 Ke5 55. Be8 Ne4 56. Bxb5 Nf6 57. Bd3 Nd5 58. Kg7 Nf6 59. Bc2 Nd5 60. Bb1 Nf6 61. Bc2 Nd5 62. Kg6 Nf6 63. Kg7 1/2-1/2


[Site "https://www.chess.com"]

[Event "Titled Tuesday Blitz June 15 2021"]
[White "Arias, Juan Cruz"]
[Black "Starozhilov, Leonid"]
[WhiteFideId "118540"]
[BlackFideId "14106752"]
[WhiteElo "2083"]
[BlackElo "2414"]
[Result "0-1"]
[Round "07"]
[TimeControl "180+1"]
[Date "2021.06.15"]
[WhiteClock "0:00:04"]
[BlackClock "0:00:26"]

1. d4 Nf6 2. Nf3 g6 3. Bg5 Bg7 4. Nbd2 h6 5. Bh4 d6 6. e3 g5 7. Bg3 Nh5 8. Be2 Nc6 9. c3 Nxg3 10. hxg3 e6 11. Nf1 h5 12. N3d2 h4 13. gxh4 gxh4 14. e4 Bd7 15. Ne3 Qe7 16. Qb3 O-O-O 17. O-O-O Bh6 18. Ndf1 Rdg8 19. Kb1 Qf6 20. Bf3 Bxe3 21. Nxe3 h3 22. Rdg1 hxg2 23. Rxh8 Rxh8 24. Qd1 Rg8 25. Rxg2 Rh8 26. Rg1 Qf4 27. Rh1 Rg8 28. Ng2 Qf6 29. Ne3 Qg5 30. Qe2 a6 31. Bg4 Ne7 32. Qf3 f5 33. exf5 exf5 34. Bh3 Kb8 35. Bf1 f4 36. Rh5 Qg6+ 0-1


[Site "https://www.chess.com"]

[Event "Titled Tuesday Blitz June 15 2021"]
[White "Assaubayeva, Bibisara"]
[Black "Kovalev, Vladislav"]
[WhiteFideId "13708694"]
[BlackFideId "13504398"]
[WhiteElo "2232"]
[BlackElo "2573"]
[Result "0-1"]
[Round "07"]
[TimeControl "180+1"]
[Date "2021.06.15"]
[WhiteClock "0:01:19"]
[BlackClock "0:00:52"]

1. d4 Nf6 2. c4 g6 3. Nc3 Bg7 4. e4 d6 5. Be2 O-O 6. Be3 c5 7. d5 e6 8. Nf3 exd5 9. cxd5 Re8 10. Nd2 Na6 11. O-O Nc7 12. a4 b6 13. Re1 a6 14. Bf4 Rb8 15. Nc4 Nxe4 16. Nxe4 Rxe4 17. Bxd6 b5 18. axb5 axb5 19. Ra7 Rb7 20. Rxb7 Bxb7 21. Bxc7 Qxc7 22. d6 Qd8 23. Ne3 c4 24. b3 Rd4 25. Qc2 Be4 26. Qa2 c3 27. Bxb5 Rxd6 28. Nc4 Rd1 29. Qe2 Rxe1+ 30. Qxe1 c2 31. Ne3 Bb2 32. Nxc2 Bxc2 33. Bc4 Qd1 0-1


[Site "https://www.chess.com"]

[Event "Titled Tuesday Blitz June 15 2021"]
[White "Avila Pavas, Santiago"]
[Black "Nguyen, Ngoc Truong Son"]
[WhiteFideId "4437128"]
[BlackFideId "12401110"]
[WhiteElo "2244"]
[BlackElo "2596"]
[Result "1-0"]
[Round "07"]
[TimeControl "180+1"]
[Date "2021.06.15"]
[WhiteClock "0:00:03"]
[BlackClock "0:00:07"]

1. d4 Nf6 2. Nf3 e6 3. g3 b6 4. Bg2 Bb7 5. c4 Bb4+ 6. Bd2 a5 7. O-O O-O 8. a3 Bxd2 9. Qxd2 d6 10. Qf4 Nbd7 11. Nc3 Re8 12. Rfd1 Qe7 13. Rac1 Rab8 14. Qh4 h6 15. e4 Nf8 16. Qf4 e5 17. dxe5 dxe5 18. Qe3 c5 19. Nd5 Bxd5 20. cxd5 Rec8 21. Nd2 b5 22. Nb3 c4 23. Nxa5 Qd6 24. Nc6 Rb7 25. f4 N8d7 26. Bh3 Re8 27. Bxd7 Nxd7 28. f5 Nc5 29. g4 Nb3 30. Rc2 Rc7 31. Rf1 f6 32. h4 Rxc6 33. dxc6 Qxc6 34. g5 h5 35. gxf6 Qxf6 36. Rg2 Rd8 37. Rg6 Qxh4 38. f6 Rd7 39. Qb6 Kh7 40. fxg7 Rxg7 41. Rxg7+ Kxg7 42. Qc7+ Kh6 43. Qd6+ Kg7 44. Qd7+ Kh6 45. Qe6+ 1-0


[Site "https://www.chess.com"]